 Dungeon Crawl Stone Soup version bcrawl-1.12-8-g964540c432 (webtiles) character file.

Game seed: 14316655177904041053

954 MisterOstroum the Carver (level 7, -1/55 HPs)
             Began as a Demonspawn Archaeologist on June 3, 2019.
             Was a Plaything of Xom.
             Slain by a two-headed ogre
             ... wielding a +0 giant club
              (16 damage)
             ... on level 4 of the Dungeon.
             The game lasted 00:11:03 (4398 turns).

MisterOstroum the Carver (Demonspawn Archaeologist) Turns: 4398, Time: 00:11:04

Health: -1/55      AC: 10    Str: 13    XL:     7   Next: 91%
Magic:  16/16      EV:  3    Int: 15    God:    Xom [...*..]
Gold:   244        SH:  6    Dex: 12    Spells: 6/6 levels left

rFire    + . .     SeeInvis .   a - +8 demon blade "Leech" {vamp, rN+ AC-3 EV-3}
rCold    + . .     Gourm    .   (no shield)
rNeg     + . .     Faith    .   l - +0 chain mail
rPois    .         Spirit   .   j - +1 hat
rElec    .         Reflect  .   k - scarf {rC+ rF+}
rCorr    .         Harm     .   d - +1 pair of gloves
MR       .....                  c - +1 pair of boots
Stlth    ..........             (no amulet)
HPRegen  0.18/turn              o - ring of magical power
MPRegen  0.15/turn              (no ring)

@: no status effects
A: large bone plates 1, powered by pain 1
a: Renounce Religion


You were on level 4 of the Dungeon.
You worshipped Xom.
You were a favourite toy of Xom.
You were hungry.

You visited 2 branches of the dungeon, and saw 5 of its levels.

You collected 244 gold pieces.

Inventory:

Hand Weapons
 a - the +8 demon blade "Leech" (weapon) {vamp, rN+ AC-3 EV-3}

   It inflicts no extra harm, but heals its wielder when it wounds a living foe.
   It affects your AC (-3).
   It affects your evasion (-3).
   It protects you from negative energy.
 b - a +3 hunting sling
Missiles
 u - 72 sling bullets
 v - 187 stones (quivered)
 x - 152 tomahawks
Armour
 c - a +1 pair of boots (worn)
 d - a +1 pair of gloves (worn)
 j - a +1 hat (worn)
 k - a scarf of resistance (worn)
 l - a +0 chain mail (worn)
 p - a +1 robe
Jewellery
 o - a ring of magical power (left hand)
Scrolls
 g - a scroll of amnesia
 m - 2 scrolls of blinking {unknown}
 w - 2 scrolls of remove curse {@r2}
 y - 3 scrolls of identify {@r1}
 A - 3 scrolls of teleportation {unknown}
Potions
 f - a potion of degeneration {unknown}
 h - a potion of heal wounds {unknown}
 i - a potion of curing {@q1 !q}
 n - a potion of brilliance {unknown}
 q - 2 potions of might {unknown}
 r - a potion of haste {unknown}
 s - a potion of agility {unknown}
 t - a potion of berserk rage {unknown}
Miscellaneous
 z - a box of beasts
Comestibles
 e - 4 rations {!d}


   Skills:
 + Level 4.7 Fighting
 + Level 8.4 Long Blades
 - Level 2.6 Dodging
 - Level 3.0 Stealth


You had 6 spell levels left.
You didn't know any spells.
Your spell library was empty.

Dungeon Overview and Level Annotations

Branches:
Dungeon (4/12)             Temple (1/1) D:4

Altars:
Cheibriados
Elyvilon
Hepliaklqana
Kikubaaqudgha
Lugonu
Makhleb
Nemelex Xobeh
Okawaru
Ru
Sif Muna
Trog
Uskayaw
Vehumet
Wu Jian
Xom
Yredelemnul
Zin
The Shining One

Shops:
D:4 (


Innate Abilities, Weirdness & Mutations

You are partially covered in large bone plates. (SH +4)
You sometimes gain a little power by taking damage.


Message History

Press: ? - help, Shift-Dir - straight line, f/p - scorpion
Aim: a scorpion You throw a stone.
The stone hits the scorpion but does no damage.
Your chain mail prevents you from hitting the scorpion.
The scorpion stings you.
You are poisoned.
The scorpion poisons you!
You slash the scorpion!
You feel better.
The scorpion is severely wounded.
You feel sick.
The scorpion stings you but does no damage.
You hit the scorpion.
You feel better.
The scorpion is almost dead.
You feel sick.
The scorpion stings you but does no damage.
Your chain mail prevents you from hitting the scorpion.
The scorpion is almost dead.
You feel sick. You block the scorpion's attack.
You hit the scorpion.
You feel better.
You kill the scorpion!
You feel sick.
No target in view!
No target in view!
You feel sick.
You feel sick.
You feel sick.
You feel sick.
You feel sick.
You feel sick.
You feel sick.
You feel sick.
You feel sick.
You feel sick.
You feel sick.
You are no longer poisoned.
You are feeling hungry.
HP restored.
You now have enough gold to buy 189 stones on this level.
You can access your shopping list by pressing '$'.
You now have 244 gold pieces (gained 23).
A hound comes into view.
The hound barks!
Found a scroll of remove curse.
You hit the hound.
The hound is lightly wounded.
The hound bites you but does no damage. The hound barely misses you.
You slash the hound!
The hound is severely wounded.
The hound bites you but does no damage.
You slash the hound!
You kill the hound!
w - 2 scrolls of remove curse {@r2} (gained 1)
A worker ant comes into view.
Throwing (i - inventory. (/) - cycle)
v - 190 stones (quivered)
Press: ? - help, Shift-Dir - straight line, f - worker ant
Aim: a worker ant (hasn't noticed you)
You throw a stone.
The worker ant twitches its antennae in your direction.
The stone hits the worker ant but does no damage.
Throwing (i - inventory. (/) - cycle)
v - 189 stones (quivered)
Press: ? - help, Shift-Dir - straight line, f/p - worker ant
Aim: a worker ant You throw a stone.
The stone hits the worker ant but does no damage.
Throwing (i - inventory. (/) - cycle)
v - 188 stones (quivered)
Press: ? - help, Shift-Dir - straight line, f/p - worker ant
Aim: a worker ant You throw a stone.
The stone hits the worker ant but does no damage.
You hit the worker ant.
The worker ant is lightly wounded.
The worker ant bites you.
You slash the worker ant!
You feel better.
The worker ant is almost dead.
You block the worker ant's attack.
You slash the worker ant!
You kill the worker ant!
The two-headed ogre shouts in stereo!
No target in view!
You hit the two-headed ogre.
The two-headed ogre is lightly wounded.
The two-headed ogre hits you with a +0 giant club!!
The two-headed ogre hits you with a +0 giant club!
You slice the two-headed ogre!!
You feel better.
The two-headed ogre is moderately wounded.
The two-headed ogre hits you with a +0 giant club! x2
* * * LOW HITPOINT WARNING * * *
You barely miss the two-headed ogre.
The two-headed ogre is moderately wounded.
You slash the two-headed ogre!
You feel better.
The two-headed ogre is heavily wounded.
The two-headed ogre hits you with a +0 giant club.
* * * LOW HITPOINT WARNING * * *
You block the two-headed ogre's attack.
You closely miss the two-headed ogre.
The two-headed ogre is heavily wounded.
The two-headed ogre hits you with a +0 giant club!
You die...
Xom guffaws!

.
#################
................#
...#...#...#...###
.................#
#
...#...#O..#...#.#
#
........@........#
##
################.#
.# #...### #..# ##
###...###.## #
###.....# ##
####.## .## #.###
.#. #...# ##.
#######.#


You could see a two-headed ogre.

Vanquished Creatures
  The ghost of wont the Cudgeler, a novice SDSk (D:4)
  An ogre (D:4)
  A big kobold (D:4)
  A scorpion (D:4)
  3 crimson imps (D:3)
  An orc priest (D:3)
  2 hounds (D:4)
  2 worker ants (D:4)
  2 orc wizards (D:3)
  5 adders
  An adder zombie (D:3)
  A worm (D:2)
  3 dart slugs
  4 leopard geckos
  23 orcs
  A ball python (D:3)
  7 giant cockroaches
  5 goblins
  5 hobgoblins
  3 quokkas
  7 bats
  3 frilled lizards
  8 kobolds
  A quokka skeleton (D:3)
  2 rats
93 creatures vanquished.

Notes
Turn   | Place    | Note
-------+----------+-------------------------------------------
     0 | D:1      | MisterOstroum the Demonspawn Archaeologist began the quest
                  | for the Orb.
     0 | D:1      | Reached XP level 1. HP: 15/15 MP: 1/1
   452 | D:1      | Gained mutation: You are partially covered in large bone
                  | plates. (SH +4) [demonic ancestry]
   452 | D:1      | Reached XP level 2. HP: 14/22 MP: 2/2
  1663 | D:2      | Reached XP level 3. HP: 29/29 MP: 3/3
  1790 | D:2      | Reached skill level 1 in Long Blades
  2111 | D:3      | Reached skill level 2 in Long Blades
  2270 | D:3      | Reached skill level 3 in Long Blades
  2270 | D:3      | Reached XP level 4. HP: 29/35 MP: 4/4
  2438 | D:3      | Reached skill level 4 in Long Blades
  2708 | D:3      | Found a radiant altar of Vehumet.
  2709 | D:3      | Found a hide-covered altar of Uskayaw.
  2710 | D:3      | Found a white marble altar of Elyvilon.
  2710 | D:3      | Found a glowing silver altar of Zin.
  2769 | D:3      | Reached skill level 5 in Long Blades
  2769 | D:3      | Reached XP level 5. HP: 41/41 MP: 5/5
  3062 | D:3      | Reached skill level 6 in Long Blades
  3152 | D:3      | Reached XP level 6. HP: 47/47 MP: 6/6
  3517 | D:4      | Reached skill level 7 in Long Blades
  3608 | D:4      | Noticed a two-headed ogre
  3655 | D:4      | Gained mutation: You sometimes gain a little power by
                  | taking damage. [demonic ancestry]
  3655 | D:4      | Reached XP level 7. HP: 52/52 MP: 7/7
  3658 | D:4      | Found a staircase to the Ecumenical Temple.
  3715 | D:4      | Found a transporter.
  3715 | D:4      | Found a transporter.
  3715 | D:4      | Noticed wont's ghost (novice SDSk)
  3724 | D:4      | Found Piutak's Weapon Emporium.
  3740 | Temple   | Entered the Ecumenical Temple
  3971 | Temple   | Became a worshipper of Xom of Chaos
  4026 | D:4      | Killed wont's ghost
  4026 | D:4      | Reached skill level 8 in Long Blades
  4095 | D:4      | XOM: harmless Chrm miscast
  4150 | D:4      | Found a bloodstained altar of Trog.
  4398 | D:4      | Slain by a two-headed ogre

Skill      XL: |  1  2  3  4  5  6  7 |
---------------+----------------------+-----
Fighting       | 2 3 4 |  4.7
Long Blades    | 3 5 6 7 8 |  8.4
Dodging        | |  2.6
Stealth        | |  3.0

Action                   |  1- 3 |  4- 6 |  7- 9 || total
-------------------------+-------+-------+-------++-------
Melee: Unarmed           |   181 |       |       ||   181
       Dagger            |    39 |    16 |       ||    55
       Whip              |     4 |       |       ||     4
       Falchion          |       |    81 |       ||    81
       Demon blade       |       |    53 |    39 ||    92
 Fire: Hunting sling     |    73 |    51 |       ||   124
Throw: Stone             |     5 |    20 |    14 ||    39
       Tomahawk          |     3 |    12 |       ||    15
  Use: Scroll            |     4 |       |       ||     4
       Potion            |       |     1 |       ||     1
 Stab: Sleeping          |     3 |       |       ||     3
  Eat: Ration            |     1 |     2 |       ||     3
       Chunk             |     1 |     3 |     1 ||     5
Armor: Robe              |    90 |       |       ||    90
       Chain mail        |    41 |   109 |    20 ||   170
Dodge: Dodged            |   157 |    36 |     2 ||   195
Block: Other             |    31 |    31 |     8 ||    70
